Map: [ESL] Dragon Scales

Players

Serral

  • Race: Zerg Zerg
  • Spawn Location: 5:00

Clem - Winner!

  • Race: Terran Terran
  • Spawn Location: 11:00

Event: ESL SC2 Masters 2023 Summer (Regionals)

VOD

Have the link to the VOD?

Description

Time

  • Played on: May 21, 2023, 11:50 a.m.
  • Length: 17:43

All games in this series

Show
View Real Time Build Order
Export as new Build Order

Serral Zerg 

Build Orders: Hatch First 

Get SALT Encoding   

  12  0:00  Drone  
  13  0:07  Drone  
  13  0:14  Extractor, Drone  
  15  0:36  Hatchery  
  15  0:41  Extractor, Drone  
  15  0:47  Overlord  
  15  1:01  Spawning Pool  
  14  1:05  Drone  
  14  1:09  Drone  
  16  1:12  Drone  
  16  1:16  Drone  
  18  1:26  Extractor  
  18  1:27  Drone  
  18  1:38  Drone  
  19  1:48  Queen x2  
  19  1:49  Zergling x2  
  19  1:50  Drone  
  25  1:59  Drone  
  25  2:00  Overlord  
  26  2:10  Drone x2  
  28  2:20  Drone  
  28  2:21  Drone  
  30  2:23  Queen  
  30  2:29  Queen  
  34  2:34  Drone, Overlord  
  35  2:44  Drone  
  35  2:49  Overlord  
  36  2:58  Drone x7  
  42  3:01  Drone  
  43  3:07  Drone  
  44  3:17  Hatchery  
  43  3:21  Drone  
  43  3:26  Lair  
  44  3:30  Roach Warren  
  44  3:32  Drone x2  
  44  3:33  Drone  
  46  3:37  Overlord  
  46  3:39  Drone  
  46  3:40  Drone  
  48  3:42  Drone  
  48  3:43  Drone  
  50  3:48  Extractor  
  50  3:49  Extractor  
  50  3:50  Drone x3  
  51  4:00  Drone x2  
  53  4:05  Drone x6  
  59  4:14  Overlord  
  59  4:17  Zergling x2  
  60  4:25  Overlord, Glial Reconstitution  
  60  4:28  Overlord  
  60  4:30  Roach  
  60  4:31  Roach x2  
  66  4:33  Queen  
  66  4:34  Roach  
  66  4:36  Overseer  
  66  4:38  Overlord  
  70  4:40  Roach x2  
  70  4:44  Roach x2  
  78  4:46  Overlord  
  78  4:54  Roach x2  
  78  4:57  Drone  
  78  4:58  Evolution Chamber x2  
  81  5:01  Drone x2  
  81  5:03  Roach  
  81  5:04  Roach x2  
  87  5:07  Overlord  
  87  5:09  Roach  
  82  5:14  Roach  
  82  5:15  Roach  
  82  5:18  Drone x2  
  82  5:21  Drone  
  85  5:26  Drone x2  
  77  5:29  Drone  
  77  5:31  Drone x2  
  76  5:38  Drone x3  
  79  5:43  Spore Crawler  
  79  5:45  Spore Crawler  
  79  5:48  Drone x3, Spore Crawler  
  78  5:56  Drone x3  
  84  6:03  Drone x3, Zerg Ground Armor Level 1  
  87  6:06  Zerg Missile Weapons Level 1  
  87  6:07  Drone x2  
  89  6:14  Extractor  
  89  6:15  Overlord, Drone x2  
  89  6:18  Drone  
  91  6:20  Overlord  
  91  6:23  Overlord  
  91  6:24  Drone x3  
  94  6:28  Extractor  
  94  6:29  Queen, Overlord  
  94  6:30  Overlord  
  95  6:33  Overseer  
  95  6:34  Drone x4  
  95  6:39  Drone  
  100  6:41  Roach x4, Drone  
  100  6:45  Extractor  
  108  6:51  Roach x5  
  118  6:56  Hatchery  
  118  7:00  Overlord  
  117  7:04  Drone x2  
  117  7:07  Overlord  
  117  7:08  Roach  
  121  7:09  Overlord x2  
  121  7:11  Overlord  
  121  7:14  Overlord  
  121  7:16  Overlord  
  121  7:22  Overlord  
  121  7:25  Overlord  
  121  7:26  Ravager x3  
  121  7:27  Roach x2  
  128  7:31  Roach x2  
  128  7:34  Roach  
  128  7:35  Roach x2  
  137  7:38  Roach  
  137  7:39  Roach  
  141  7:44  Roach x3  
  141  7:47  Drone  
  141  7:50  Roach x5  
  154  7:51  Ravager  
  154  7:52  Ravager  
  154  7:54  Overlord  
  156  8:00  Roach x5  
  158  8:12  Roach x3, Hatchery  
  163  8:15  Ravager  
  164  8:23  Roach x6  
  149  8:28  Roach x3  
  149  8:31  Zerg Missile Weapons Level 2  
  144  8:35  Roach x2, Zergling x2  
  144  8:40  Roach x2  
  151  8:46  Zerg Ground Armor Level 2  
  151  8:50  Zergling x10  
  151  8:51  Ravager x2  
  158  8:56  Roach x3  
  158  9:01  Overlord  
  164  9:04  Roach x3  
  164  9:09  Metabolic Boost  
  170  9:13  Roach x3, Zergling x2  
  169  9:18  Roach x2, Zergling x2  
  169  9:23  Zergling x8  
  168  9:27  Roach x2  
  159  9:31  Roach x2  
  159  9:35  Roach  
  159  9:36  Roach x2  
  148  9:38  Roach  
  148  9:43  Roach x3  
  145  9:46  Roach x2  
  139  9:55  Zergling x12  
  139  9:58  Roach x2  
  140  10:06  Roach x2  
  136  10:07  Burrow, Tunneling Claws  
  136  10:09  Roach x3  
  140  10:15  Infestation Pit  
  140  10:18  Zergling x12  
  142  10:22  Overlord  
  142  10:27  Roach x2, Zergling x4  
  141  10:32  Zergling x4  
  141  10:35  Ravager x4  
  146  10:40  Drone  
  146  10:41  Drone x4  
  146  10:42  Drone  
  152  10:45  Roach x4  
  152  10:49  Roach x2  
  164  10:55  Roach x4  
  172  10:58  Drone  
  172  10:59  Baneling Nest  
  172  11:03  Zerg Melee Weapons Level 1  
  172  11:05  Zergling x10  
  172  11:11  Infestor x2  
  181  11:20  Zergling x20  
  181  11:21  Zergling x2  
  192  11:27  Roach x6  
  192  11:28  Roach x5  
  192  11:29  Hatchery  
  192  11:31  Roach x11  
  190  11:39  Zergling x20  
  200  11:45  Spore Crawler  
  193  11:53  Zergling x20  
  173  12:03  Drone  
  173  12:05  Drone x3  
  175  12:09  Zergling x10  
  179  12:17  Hive  
  176  12:25  Drone x2  
  176  12:28  Drone x3  
  177  12:35  Zergling x16  
  168  12:42  Centrifugal Hooks  
  154  12:48  Roach x6  
  150  12:53  Zergling x6  
  150  12:55  Baneling x4  
  151  13:04  Spore Crawler  
  150  13:06  Zergling x12  
  150  13:10  Baneling, Zerg Melee Weapons Level 2  
  156  13:15  Drone x2  
  156  13:16  Zergling x12  
  164  13:22  Zergling x6  
  164  13:25  Zergling x2  
  164  13:26  Zergling x12  
  173  13:33  Hatchery  
  171  13:37  Viper x2  
  171  13:39  Viper  
  180  13:46  Roach, Zerg Ground Armor Level 3  
  180  13:48  Baneling x4  
  180  13:49  Baneling x2  
  180  13:53  Baneling x6  
  180  13:59  Zergling x10  
  180  14:01  Zergling x2  
  182  14:10  Zergling x16  
  182  14:17  Baneling x4  
  190  14:20  Ultralisk Cavern  
  190  14:22  Zergling x12  
  178  14:28  Zergling x10  
  178  14:30  Baneling  
  174  14:35  Zergling x14  
  177  14:41  Roach  
  171  14:48  Zergling x18  
  167  14:53  Overseer  
  167  14:54  Hatchery  
  163  15:01  Drone x2  
  163  15:03  Zergling x12  
  171  15:13  Zergling x12  
  171  15:16  Zergling x8  
  171  15:20  Zergling x4  
  161  15:24  Zergling x2  
  161  15:26  Chitinous Plating  
  161  15:28  Baneling x6, Viper  
  151  15:31  Viper  
  157  15:38  Infestor x2  
  157  15:42  Zergling x10  
  155  15:43  Zergling x2  
  155  15:47  Overseer  
  152  15:52  Zergling x2  
  152  15:53  Zergling x10  
  153  15:57  Baneling x2  
  153  16:01  Zergling x10  
  153  16:13  Zergling x18  
  149  16:20  Zergling x12  
  145  16:26  Baneling x11  
  145  16:30  Zergling x6  
  148  16:37  Zergling x12  
  153  16:42  Infestor x2  
  151  16:50  Zergling x24  
  163  16:59  Zergling x14, Infestor  
  170  17:05  Zergling x8  
  171  17:13  Zergling x16  
Show
View Real Time Build Order
Export as new Build Order

Clem Terran - Winner!

Build Orders: Reaper Expand 

Get SALT Encoding   

  12  0:00  SCV  
  13  0:12  SCV  
  14  0:17  Supply Depot  
  14  0:24  SCV  
  15  0:38  SCV  
  15  0:40  Barracks  
  16  0:43  Refinery  
  16  0:50  SCV  
  17  1:02  SCV  
  18  1:14  SCV  
  19  1:26  Reaper  
  19  1:27  Orbital Command  
  20  1:38  Command Center  
  20  1:49  Barracks  
  20  1:53  SCV  
  21  1:59  Barracks Reactor  
  21  2:05  SCV  
  22  2:08  Supply Depot  
  22  2:16  Refinery  
  22  2:17  SCV  
  22  2:22  Factory  
  23  2:30  SCV  
  23  2:36  Marine x2, Barracks Tech Lab  
  26  2:42  SCV  
  27  2:54  SCV  
  27  2:55  Marine x2  
  30  3:00  Stimpack, Marine  
  30  3:04  Orbital Command  
  31  3:08  SCV  
  32  3:14  Factory Reactor  
  32  3:15  Marine  
  32  3:16  Marine  
  34  3:20  SCV  
  34  3:24  Starport  
  35  3:28  Marine  
  35  3:31  SCV  
  35  3:32  SCV  
  38  3:35  Supply Depot  
  38  3:38  Marine  
  38  3:39  Marine  
  40  3:43  SCV  
  40  3:46  SCV  
  40  3:47  Marine  
  43  3:56  Hellion  
  43  3:57  Hellion  
  43  4:00  Supply Depot  
  43  4:02  Medivac  
  50  4:03  Marine  
  50  4:04  Marine  
  50  4:09  Armory  
  51  4:10  Marine  
  52  4:17  Hellion  
  52  4:21  Marine  
  52  4:22  Marine, Hellion  
  58  4:24  Supply Depot  
  58  4:26  SCV  
  58  4:29  SCV  
  60  4:32  Marine  
  61  4:39  Marine  
  62  4:46  Marine, Medivac, Hellion x2  
  62  4:47  Supply Depot  
  62  4:49  Marine  
  70  4:59  Combat Shield  
  70  5:06  SCV  
  70  5:08  Marine x2  
  70  5:09  SCV  
  70  5:13  Marine  
  70  5:18  Barracks, SCV  
  70  5:21  SCV  
  71  5:22  Supply Depot  
  71  5:26  Marine  
  71  5:27  Factory Tech Lab  
  64  5:30  Marine, SCV  
  64  5:32  Starport Reactor  
  64  5:33  SCV  
  64  5:35  Engineering Bay, Marine  
  66  5:42  SCV  
  66  5:44  Marine  
  66  5:45  SCV  
  66  5:48  Marine  
  65  5:50  Siege Tank  
  65  5:53  Marine  
  65  5:55  SCV, Supply Depot x2  
  70  5:57  SCV  
  70  5:59  Refinery  
  70  6:03  Terran Infantry Weapons Level 1  
  71  6:07  Command Center  
  71  6:08  Marine  
  71  6:09  Marine x2  
  74  6:12  Marine x2  
  74  6:15  Medivac  
  78  6:18  Medivac  
  78  6:25  SCV x2  
  82  6:26  Marine  
  82  6:28  Refinery  
  82  6:29  Marine x2, Siege Tank  
  82  6:32  Supply Depot  
  88  6:37  SCV x2  
  88  6:38  Marine  
  91  6:41  Marine  
  91  6:42  Supply Depot  
  92  6:47  Marine x2  
  92  6:48  Marine  
  92  6:49  SCV x2  
  92  6:51  Medivac  
  99  6:55  Medivac  
  99  6:56  Marine  
  99  6:59  Marine  
  103  7:06  Siege Tank  
  103  7:08  Barracks  
  106  7:09  Barracks  
  106  7:10  Marine  
  106  7:12  Marine x2  
  109  7:21  Marine  
  109  7:22  Marine, Supply Depot  
  111  7:25  SCV  
  111  7:26  SCV  
  111  7:28  Marine, Medivac  
  111  7:29  Marine  
  116  7:34  Marine  
  118  7:38  SCV x2  
  118  7:39  Marine x2  
  122  7:46  Siege Tank  
  122  7:49  Medivac  
  122  7:50  Orbital Command  
  125  7:53  SCV x2  
  125  7:55  Marine x2  
  125  7:56  Barracks Tech Lab  
  125  7:57  Barracks Tech Lab  
  128  7:59  Marine x2  
  128  8:05  SCV x2  
  128  8:07  Marine, Supply Depot  
  126  8:14  Marine  
  126  8:16  SCV  
  126  8:17  SCV  
  126  8:18  SCV, Marauder  
  126  8:19  Marauder  
  133  8:23  Marine  
  133  8:25  Marine x2  
  133  8:26  Marauder  
  119  8:32  Marine  
  119  8:33  Siege Tank  
  110  8:36  Medivac x2  
  110  8:37  SCV x2  
  110  8:38  SCV  
  110  8:39  Marine  
  110  8:40  Marauder  
  118  8:41  Marine  
  118  8:43  Marine  
  118  8:44  Concussive Shells  
  118  8:47  Marauder  
  122  8:49  Marine, SCV  
  122  8:50  Terran Infantry Armor Level 1  
  122  8:52  Marine  
  125  8:56  Supply Depot  
  125  8:58  Marauder  
  125  8:59  Marine  
  125  9:01  Marine, Marauder, SCV x2  
  132  9:03  Refinery  
  132  9:06  Marine, Siege Tank  
  132  9:09  Marauder  
  138  9:10  SCV, Supply Depot  
  138  9:13  SCV x2  
  138  9:15  Marine  
  140  9:17  Marine  
  140  9:19  Marauder  
  140  9:21  Marine  
  140  9:23  Marauder  
  144  9:24  Marine, Medivac  
  144  9:29  SCV x3  
  144  9:30  Marauder  
  134  9:33  Marine  
  134  9:35  Marine  
  134  9:37  Medivac  
  133  9:38  Widow Mine  
  133  9:41  SCV x3, Engineering Bay  
  133  9:43  Marauder, Marine  
  133  9:45  Marine  
  133  9:47  Marauder  
  133  9:53  Marine x2  
  133  9:55  Marauder  
  133  9:59  Siege Tank  
  134  10:00  Factory  
  134  10:01  Marine  
  134  10:04  Marine  
  134  10:05  Marauder  
  136  10:08  Marauder  
  136  10:13  Marine, Command Center  
  137  10:15  Marine  
  137  10:17  Marauder  
  137  10:19  Liberator  
  137  10:21  Marine  
  143  10:26  Marine  
  143  10:28  Liberator, Supply Depot  
  143  10:29  Marine  
  143  10:32  Widow Mine, Marine x2  
  143  10:33  Marine  
  147  10:36  Drilling Claws  
  147  10:37  Marine, Refinery  
  147  10:38  SCV x2  
  147  10:39  SCV  
  151  10:44  Terran Infantry Weapons Level 2  
  151  10:45  Marine x2  
  151  10:47  Factory Reactor  
  154  10:50  Marine  
  154  10:51  Marine  
  155  10:58  Barracks  
  155  10:59  Barracks, Marine, Barracks Reactor  
  155  11:02  Supply Depot  
  155  11:03  Marine x2  
  155  11:04  Barracks Reactor  
  158  11:08  Supply Depot  
  158  11:09  Terran Infantry Armor Level 2  
  158  11:11  Terran Vehicle And Ship Armor Level 1  
  158  11:12  Widow Mine  
  158  11:15  Marine  
  161  11:22  SCV x3, Missile Turret  
  161  11:24  Widow Mine, Supply Depot  
  161  11:25  Widow Mine  
  168  11:31  Marine  
  169  11:34  Widow Mine, SCV  
  169  11:37  Marine x3  
  169  11:39  Marine x3, SCV  
  179  11:45  Marine x2, Medivac x2  
  185  11:49  Marine  
  185  11:51  Widow Mine x2, Missile Turret  
  185  11:52  Marine x2  
  180  11:55  Marine x2  
  180  11:56  Widow Mine, Marine  
  180  11:57  SCV  
  182  12:01  SCV  
  182  12:02  Marine x2  
  182  12:03  Marine, SCV  
  187  12:09  SCV  
  187  12:14  Missile Turret  
  188  12:16  Planetary Fortress  
  188  12:18  Widow Mine x2  
  188  12:19  Marauder  
  194  12:26  Marine x3  
  194  12:27  Marine x3  
  194  12:29  SCV  
  200  12:32  SCV x2  
  200  12:33  Marine x2  
  194  12:40  Marine x2  
  194  12:41  Marine, SCV  
  194  12:44  Marine x3  
  187  12:46  Medivac  
  187  12:47  Marine x2  
  187  12:48  Marine  
  187  12:51  Marine x2  
  181  12:57  Widow Mine  
  181  12:58  Marine x2  
  185  12:59  Marine  
  185  13:02  Widow Mine x2, Marine x2  
  185  13:03  Marine  
  195  13:10  Command Center  
  193  13:12  Ghost Academy  
  193  13:18  Widow Mine  
  195  13:22  Marine x2  
  195  13:23  Widow Mine  
  195  13:25  Marine  
  200  13:31  Marine  
  198  13:34  Terran Infantry Weapons Level 3, Terran Infantry Armor Level 3  
  200  13:45  Refinery, Terran Vehicle And Ship Armor Level 2, Sensor Tower  
  200  13:49  Missile Turret, Sensor Tower  
  200  13:58  Ghost  
  200  14:00  Command Center  
  200  14:08  Ghost x2  
  199  14:16  Widow Mine  
  185  14:27  Ghost  
  185  14:29  Widow Mine x2  
  191  14:37  Ghost x2  
  163  14:46  Marine x8  
  163  14:48  Widow Mine  
  173  14:55  Ghost  
  173  15:02  Widow Mine x2  
  173  15:04  Marine x3  
  173  15:05  Planetary Fortress, Ghost  
  173  15:06  Ghost  
  176  15:10  Widow Mine  
  173  15:17  Marine x3  
  162  15:24  Liberator, Cyclone, Ghost  
  172  15:28  Widow Mine  
  172  15:31  Missile Turret  
  172  15:34  Ghost  
  172  15:35  Marauder  
  176  15:37  Widow Mine  
  163  15:43  Marine x2  
  163  15:44  Marine  
  163  15:49  Widow Mine  
  165  15:53  Marauder  
  165  15:54  Marine  
  165  15:55  Liberator  
  165  15:56  Marauder  
  171  15:57  Widow Mine  
  171  15:58  Widow Mine, Marine  
  171  16:01  Planetary Fortress  
  171  16:03  Marauder  
  176  16:04  Marine  
  176  16:11  Widow Mine  
  177  16:15  Marauder  
  177  16:18  Widow Mine, Marauder, Medivac  
  171  16:20  Widow Mine  
  171  16:23  Marine x6  
  171  16:24  Marine  
  171  16:25  Marauder  
  168  16:27  Marine  
  169  16:34  Widow Mine  
  169  16:36  SCV x2, Marauder  
  169  16:38  Medivac  
  169  16:39  Marauder, Sensor Tower  
  179  16:41  Marine x3  
  179  16:45  Widow Mine  
  179  16:46  Marauder  
  186  16:48  Medivac  
  186  16:49  Widow Mine, Marine  
  186  16:52  Marine  
  186  16:53  Marine x2  
  192  16:56  Widow Mine  
  192  16:57  Marauder  
  192  16:58  Marine  
  192  17:00  Marauder  
  199  17:02  Starport  
  199  17:06  Marine  
  200  17:10  Command Center  
  200  17:14  Command Center, Refinery  
  200  17:17  Refinery  
  200  17:19  Marauder  
  200  17:21  Marine x2  
  190  17:24  Marine  
  190  17:25  Marine x3  
Tags
 
Add a new tag
Caveats
  • Supply blocks, unpowered buildings, or Contaminate may cause inaccurate times.
  • Supply counts are checked every 10 seconds.